 Dungeon Crawl Stone Soup version 0.21.1-1-g345015f (webtiles) character file.

13668 unrecovered the Grappler (level 12, -2/106 HPs)
             Began as a Ghoul Monk on Feb 16, 2018.
             Was a High Priest of Wu Jian.
             Shot with a bolt by an orc warrior (21 damage)
             ... in a bailey.
             The game lasted 00:37:17 (11261 turns).

unrecovered the Grappler (Ghoul Monk)              Turns: 11261, Time: 00:37:18

Health: -2/106     AC: 15    Str: 20    XL:     12   Next: 8%
Magic:  11/11      EV: 11    Int: 11    God:    Wu Jian [*****.]
Gold:   796        SH:  4    Dex: 11    Spells: 11/11 levels left

rFire    + . .     SeeInvis .     - Unarmed
rCold    + + .     Gourm    .   d - +0 buckler
rNeg     + + +     Faith    .   j - +3 scale mail {rF+}
rPois    ∞         Spirit   .   (no helmet)
rElec    .         Reflect  .   M - +0 cloak {MR+}
rCorr    .         Harm     .   (no gloves)
MR       +....                  s - +2 pair of boots
Stlth    ++........             (no amulet)
HPRegen  0.00/turn              a - ring "Ysapuit" {rC+ Int+6}
MPRegen  0.12/turn              (no ring)

@: rotting
A: rotting body, claws 1, carnivore, cold resistance 1, negative energy
resistance 3, inhibited regeneration, torment resistance, unbreathing
a: Wall Jump, Serpent's Lash, Heavenly Storm, Renounce Religion


You were in a bailey.
You worshipped Wu Jian.
Wu Jian was extremely pleased with you.
You were not hungry.

You visited 1 branch of the dungeon, and saw 12 of its levels.
You also visited: Sewer, Ossuary and Bailey.

You collected 864 gold pieces.
You spent 68 gold pieces at shops.

Inventory:

Armour
 d - a +0 buckler (worn)
 j - a +3 scale mail of fire resistance (worn)
 s - a +2 pair of boots (worn)
 M - a +0 cloak of magic resistance (worn)
Jewellery
 a - the ring "Ysapuit" (left claw) {rC+ Int+6}
   (You found it on level 7 of the Dungeon)

   [ring of protection from cold]

   It affects your intelligence (+6).
   It protects you from cold.
 e - an uncursed ring of fire
 B - an uncursed ring of ice
Wands
 i - a wand of polymorph (10)
 l - a wand of iceblast (22)
 y - a wand of flame (37)
 C - a wand of acid (23)
 G - a wand of digging (12)
 J - a wand of random effects (78)
Scrolls
 c - 2 scrolls of blinking
 h - a scroll of magic mapping
 m - 4 scrolls of enchant weapon
 o - 3 scrolls of remove curse
 r - 4 scrolls of enchant armour
 x - 5 scrolls of fog
 z - 6 scrolls of teleportation {unknown}
 E - 2 scrolls of amnesia {unknown}
 H - a scroll of identify
 I - 2 scrolls of random uselessness {unknown}
 L - a scroll of immolation {unknown}
Potions
 f - a potion of magic {unknown}
 g - 3 potions of flight {unknown}
 k - 2 potions of resistance {unknown}
 n - a potion of agility
 p - 8 potions of curing
 q - a potion of heal wounds
 t - a potion of berserk rage {unknown}
 u - a potion of ambrosia {unknown}
 v - 2 potions of brilliance
 w - 3 potions of haste
 A - 3 potions of invisibility {unknown}
 K - 2 potions of mutation {unknown}
Books
 D - a book of Maledictions

   Spells                             Type                      Level
   a - Corona                         Hexes                        1
   b - Ensorcelled Hibernation        Hexes/Ice                    2
   c - Confuse                        Hexes                        3
   d - Tukima's Dance                 Hexes                        3
   e - Dazzling Spray                 Conjuration/Hexes            3
 F - a book of Conjurations

   Spells                             Type                      Level
   a - Magic Dart                     Conjuration                  1
   b - Searing Ray                    Conjuration                  2
   c - Dazzling Spray                 Conjuration/Hexes            3
   d - Fulminant Prism                Conjuration/Hexes            4
   e - Force Lance                    Conjuration/Translocation    4
   f - Iskenderun's Mystic Blast      Conjuration                  4
 P - a book of Geomancy

   Spells                             Type                      Level
   a - Sandblast                      Earth                        1
   b - Passwall                       Transmutation/Earth          2
   c - Stone Arrow                    Conjuration/Earth            3
   d - Petrify                        Transmutation/Earth          4
   e - Lee's Rapid Deconstruction     Earth                        5
Comestibles
 b - 16 rations
 O - 2 chunks of flesh


   Skills:
 + Level 10.2 Fighting
 + Level 7.6 Armour
 - Level 3.1 Dodging
 - Level 6.2 Stealth
 - Level 4.0 Shields
 * Level 14.1 Unarmed Combat


You had 11 spell levels left.
You didn't know any spells.

Dungeon Overview and Level Annotations

Branches:
Dungeon (12/15)            Temple (0/1) D:5            Lair (0/6) D:11
    Orc (0/2) D:10

Altars:
Cheibriados
Dithmenos
Kikubaaqudgha
Qazlal
Ru
Trog
Vehumet
Wu Jian
Xom
Zin
The Shining One

Shops:
D:6 *

Annotations:
D:12 Nessos


Innate Abilities, Weirdness & Mutations

Your body is rotting away.
You thrive on raw meat.
You are immune to poison.
You have sharp fingernails.
You are carnivorous and can eat meat at any time.
Your flesh is cold resistant. (rC+)
You are immune to negative energy. (rN+++)
You do not regenerate when monsters are visible.
You are immune to unholy pain and torment.
You can survive without breathing.


Message History

You kill the orc warrior!
The Council accepts your kill.
The orc warrior no longer looks unusually strong.
The orc misses you.
The orc knight roars a battlecry!
The orc warrior goes into a battle-frenzy!
The orc closely misses you.
There is an empty arch of ancient stone here.
You scratch the orc but do no damage. You barely miss the orc.
The orc closely misses you.
You scratch the orc but do no damage.
The orc knight roars a battlecry!
You block the orc's attack.
You mangle the orc!!
You kill the orc!
The Council accepts your kill.
The orc warrior shoots a bolt.
The bolt hits you!
* * * LOW HITPOINT WARNING * * *
The orc warrior shoots a bolt.
The bolt hits you!!
You die...

### ##### ##∩##
#####
.....##...##.....
.≈≈≈..#...#..≈≈≈.
≈≈o≈≈.......≈≈o≈≈
≈.oo≈.......≈oo.≈
≈≈o≈≈.....).≈≈o≈≈
#@()# #(∩(# ##∩##
###


You could see an orc knight, 4 orc warriors and 3 orcs.

Vanquished Creatures
  Josephine (D:11)
  2 tengu warriors (D:12)
  The ghost of bande the Cleaver, a journeyman GrFi of Okawaru (D:10)
  2 two-headed ogres (D:9)
  A deep elf mage (D:12)
  A cyclops (D:11)
  Maurice (D:11)
  2 trolls
  Grinder (D:5)
  2 hornets
  A merfolk (D:10)
  2 hippogriffs (D:11)
  A meliai zombie (D:12)
  A vampire (D:12)
  A wyvern (D:10)
  A shadow (D:11)
  5 wraiths (D:11)
  4 yaks (D:10)
  Grum (D:11)
  A water moccasin (D:11)
  5 orc warriors
  A sky beast (D:8)
  2 phantoms (D:8)
  4 ogres
  2 black bears (D:8)
  4 wolves (D:11)
  2 centaurs
  A big kobold (D:11)
  3 bullfrogs
  3 scorpions
  4 wyvern skeletons
  11 wights
  3 electric eels (D:11)
  8 crimson imps
  2 jellies
  9 orc wizards
  2 centaur zombies
  An orc priest (D:3)
  10 hounds
  2 bullfrog skeletons (D:11)
  Terence (D:2)
  5 worker ants
  A hound zombie (D:10)
  8 mummies (Ossuary)
  A howler monkey zombie (D:6)
  4 gnolls (D:7)
  4 river rats
  8 adders
  2 shadow imps
  An ooze (D:4)
  6 worms
  4 dart slugs
  10 leopard geckos
  37 orcs
  5 ball pythons
  6 bats
  5 giant cockroaches
  11 hobgoblins
  4 jackals (D:9)
  5 quokkas
  11 frilled lizards
  2 gnoll zombies (Ossuary)
  9 goblins
  A hobgoblin zombie (Ossuary)
  11 kobolds
  2 kobold zombies (Ossuary)
  3 orc zombies (Ossuary)
  15 rats
293 creatures vanquished.

Notes
Turn   | Place    | Note
-------+----------+-------------------------------------------
     0 | D:1      | unrecovered the Ghoul Monk began the quest for the Orb.
     0 | D:1      | Reached XP level 1. HP: 19/19 MP: 0/0
   260 | D:1      | Reached XP level 2. HP: 13/26 MP: 1/1
   618 | D:2      | Noticed Terence
   634 | D:2      | Killed Terence
   634 | D:2      | Reached XP level 3. HP: 20/31 MP: 2/2
   730 | D:2      | Found an ornate altar of the Wu Jian Council.
   744 | D:2      | Reached skill level 1 in Shields
   757 | D:2      | Became a worshipper of the Wu Jian Council
   757 | D:2      | Reached * piety under Wu Jian
   757 | D:2      | Reached ** piety under Wu Jian
   852 | D:2      | Reached XP level 4. HP: 28/38 MP: 3/3
   888 | D:2      | Reached skill level 4 in Unarmed Combat
   906 | D:2      | Found a stormy altar of Qazlal.
  1319 | D:3      | Reached XP level 5. HP: 37/44 MP: 4/4
  1918 | D:3      | Reached *** piety under Wu Jian
  1928 | D:3      | Found a sacrificial altar of Ru.
  2091 | D:4      | Found a sand-covered staircase.
  2100 | Ossuary  | Entered an ossuary
  2235 | Ossuary  | Reached XP level 6. HP: 13/49 MP: 5/5
  2690 | D:4      | Found a bloodstained altar of Trog.
  2715 | D:4      | Reached skill level 5 in Unarmed Combat
  3088 | D:4      | Reached skill level 5 in Stealth
  3209 | D:4      | Reached XP level 7. HP: 42/57 MP: 6/6
  3498 | D:5      | Entered Level 5 of the Dungeon
  3626 | D:5      | Found a staircase to the Ecumenical Temple.
  3756 | D:5      | Found a snail-covered altar of Cheibriados.
  3889 | D:5      | Noticed Grinder
  3890 | D:5      | Paralysed by Grinder for 5 turns
  3899 | D:5      | Paralysed by Grinder for 4 turns
  3907 | D:5      | Killed Grinder
  3907 | D:5      | Reached skill level 6 in Unarmed Combat
  4156 | D:6      | Found Samimase's Assorted Antiques.
  4166 | D:6      | Bought a scroll of identify for 68 gold pieces
  4170 | D:6      | Found a shimmering altar of Xom.
  4176 | D:6      | Found a shimmering altar of Xom.
  4224 | D:6      | Reached XP level 8. HP: 53/65 MP: 7/7
  4253 | D:6      | Found a sacrificial altar of Ru.
  4304 | D:6      | Found a shimmering altar of Xom.
  4496 | D:6      | Found a glowing drain.
  4504 | Sewer    | Entered a sewer
  4649 | Sewer    | Reached **** piety under Wu Jian
  5032 | D:6      | Found a shimmering altar of Xom.
  5032 | D:6      | Found a shimmering altar of Xom.
  5055 | D:6      | Reached skill level 7 in Unarmed Combat
  5341 | D:7      | Reached skill level 1 in Armour
  5456 | D:7      | Got a slimy wooden ring
  5459 | D:7      | Identified the ring "Ysapuit" {rC+ Int+6} (You found it on level 7 of the Dungeon)
  5536 | D:7      | Reached skill level 5 in Fighting
  5850 | D:8      | Reached skill level 8 in Unarmed Combat
  6000 | D:8      | Found a shadowy altar of Dithmenos.
  6022 | D:8      | Noticed a hornet
  6035 | D:8      | Killed a hornet
  6035 | D:8      | Reached XP level 9. HP: 33/75 MP: 8/8
  6426 | D:8      | Found a faded altar of an unknown god.
  6426 | D:8      | Found a glowing silver altar of Zin.
  6432 | D:8      | Found a glowing golden altar of the Shining One.
  6434 | D:8      | Found a faded altar of an unknown god.
  6436 | D:8      | Found an ancient bone altar of Kikubaaqudgha.
  6492 | D:8      | Reached skill level 9 in Unarmed Combat
  6826 | D:9      | Noticed a troll
  6841 | D:8      | Killed a troll
  7191 | D:9      | Reached ***** piety under Wu Jian
  7289 | D:9      | Reached skill level 10 in Unarmed Combat
  7321 | D:9      | Noticed a two-headed ogre
  7332 | D:9      | Killed a two-headed ogre
  7332 | D:9      | Reached XP level 10. HP: 63/86 MP: 9/9
  7337 | D:9      | Noticed a two-headed ogre
  7695 | D:9      | Killed a two-headed ogre
  7695 | D:9      | Reached skill level 5 in Armour
  7695 | D:9      | Reached skill level 11 in Unarmed Combat
  7800 | D:9      | Found a radiant altar of Vehumet.
  8091 | D:10     | Entered Level 10 of the Dungeon
  8209 | D:10     | Noticed bande's ghost (journeyman GrFi)
  8231 | D:10     | Killed bande's ghost
  8304 | D:10     | Found a staircase to the Orcish Mines.
  8379 | D:10     | Found a glowing golden altar of the Shining One.
  8888 | D:10     | Reached skill level 12 in Unarmed Combat
  9317 | D:11     | Found the +7 Kryia's mail coat {PotionHeal*2 rC+}
  9325 | D:11     | Reached XP level 11. HP: 95/95 MP: 10/10
  9875 | D:11     | Noticed a cyclops
  9887 | D:11     | Killed a cyclops
 10038 | D:11     | Found a staircase to the Lair.
 10060 | D:11     | Noticed Grum
 10072 | D:11     | Killed Grum
 10217 | D:11     | Reached skill level 13 in Unarmed Combat
 10322 | D:11     | Noticed Maurice
 10329 | D:11     | Noticed Josephine
 10337 | D:11     | Killed Maurice
 10347 | D:11     | Killed Josephine
 10862 | D:12     | Noticed a tengu warrior
 10862 | D:12     | Noticed a tengu warrior
 10872 | D:12     | Killed a tengu warrior
 10879 | D:12     | Killed a tengu warrior
 10879 | D:12     | Reached skill level 10 in Fighting
 10912 | D:12     | Noticed a deep elf mage
 10915 | D:12     | Noticed Nessos
 10951 | D:12     | Killed a deep elf mage
 10951 | D:12     | Reached XP level 12. HP: 53/106 MP: 11/11
 11159 | D:12     | Reached skill level 14 in Unarmed Combat
 11212 | D:12     | Found a flagged portal.
 11230 | Bailey   | Entered a bailey
 11261 | Bailey   | Shot with a bolt by an orc warrior

Skill      XL: |  1  2  3  4  5  6  7  8  9 10 11 12 |
---------------+-------------------------------------+-----
Dodging        | 3 |  3.1
Stealth        | 3 4 5 6 |  6.2
Shields        | 1 2 3 4 |  4.0
Unarmed Combat | 4 5 6 8 10 12 13 14 | 14.1
Fighting       | 4 5 7 8 10 | 10.2
Armour         | 2 4 6 7 |  7.6

Action                   |  1- 3 |  4- 6 |  7- 9 | 10-12 || total
-------------------------+-------+-------+-------+-------++-------
Melee: Unarmed           |   132 |   287 |   492 |   452 ||  1363
Throw: Throwing net      |       |       |       |     1 ||     1
Invok: Lunge             |     1 |    18 |    27 |    26 ||    72
       Whirlwind         |       |    13 |    21 |    89 ||   123
       Wall Jump         |       |     4 |     4 |    10 ||    18
       Serpent's Lash    |       |     1 |     1 |     3 ||     5
       Heavenly Storm    |       |       |       |     1 ||     1
Evoke: Wand              |       |       |       |    14 ||    14
  Use: Scroll            |       |     5 |     8 |     1 ||    14
       Potion            |       |     1 |       |     2 ||     3
 Stab: Sleeping          |     2 |     1 |     5 |     2 ||    10
       Distracted        |       |       |     1 |       ||     1
  Eat: Chunk             |     9 |     7 |    19 |    21 ||    56
Armor: Robe              |    30 |       |       |       ||    30
       Scale mail        |    23 |    89 |   155 |   144 ||   411
Dodge: Dodged            |    85 |   108 |   154 |   151 ||   498
Block: Buckler           |    12 |    45 |    66 |    57 ||   180
